 Dungeon Crawl Stone Soup version 0.28-a0-1212-gc6b4282bc0 (webtiles) character file.

Game seed: 6845457847455520989

39 Htamos the Chopper (level 3, 0/33 HPs)
             Began as a Hill Orc Monk on Dec 21, 2021.
             Slain by a jackal (1 damage)
             ... on level 2 of the Dungeon.
             The game lasted 00:01:32 (1545 turns).

Htamos the Chopper (Hill Orc Monk)                  Turns: 1545, Time: 00:01:33

Health: 0/33       AC:  2    Str: 15    XL:     3   Next: 45%
Magic:  3/3        EV: 12    Int: 10    God:
Gold:   62         SH:  0    Dex: 13    Spells: 2/2 levels left

rFire   . . .      SeeInvis .   a - +0 hand axe
rCold   . . .      Faith    .   (no shield)
rNeg    . . .      Spirit   .   b - +0 robe
rPois   .          Reflect  .   (no helmet)
rElec   .          Harm     .   (no cloak)
rCorr   .          Rampage  .   (no gloves)
Will    .....                   (no boots)
Stlth   ++........              (no amulet)
HPRegen 0.11/turn               (no ring)
MPRegen 0.08/turn               (no ring)

@: flying
A: no striking features
a: no special abilities


You were on level 2 of the Dungeon.
You visited 1 branch of the dungeon, and saw 2 of its levels.

You collected 62 gold pieces.

Inventory:

Hand Weapons
 a - a +0 hand axe (weapon)
Armour
 b - a +0 robe (worn)
Scrolls
 d - a scroll of identify {unknown}
 e - 3 scrolls of enchant armour {unknown}
Potions
 c - a potion of flight


   Skills:
 + Level 4.2 Fighting
 + Level 4.7 Axes
 + Level 1.6 Armour
 - Level 2.4 Dodging
 - Level 1.5 Stealth


You had 2 spell levels left.
You didn't know any spells.
Your spell library was empty.

Dungeon Overview and Level Annotations

Branches:
Dungeon (2/15)

Altars:


Message History

You hit the kobold.
You feel sick. The adder closely misses you.
The bat hits you but does no damage. The kobold barely misses you.
You barely miss the adder.
The adder is almost dead.
You miss the bat. You closely miss the kobold.
You feel sick. The bat closely misses you. The adder bites you.
* * * LOW HITPOINT WARNING * * *
The kobold misses you. The adder bites you but does no damage.
You closely miss the adder.
The adder is almost dead.
You barely miss the jackal. You closely miss the kobold.
You feel sick.
A jackal comes into view.
The jackal bites you.
* * * LOW HITPOINT WARNING * * *
The adder closely misses you. The kobold hits you with a +0 dagger.
* * * LOW HITPOINT WARNING * * *
The bat hits you but does no damage.
You barely miss the adder.
The adder is almost dead.
The jackal barks! x2
You hit the bat. You closely miss the jackal. You closely miss the kobold.
You feel sick.
You are no longer poisoned.
The bat barely misses you. The jackal closely misses you.
The adder barely misses you. The kobold hits you but does no damage.
The jackal bites you.
* * * LOW HITPOINT WARNING * * *
The adder closely misses you.
You completely miss the adder.
The adder is almost dead.
You barely miss the kobold. You closely miss the jackal.
You barely miss the bat. The bat barely misses you.
The jackal closely misses you. The kobold hits you with a +0 dagger.
* * * LOW HITPOINT WARNING * * *
The adder bites you.
* * * LOW HITPOINT WARNING * * *
It was a potion of flight.
You feel very buoyant.
You fly up into the air.
The bat closely misses you. The jackal bites you.
You die...

#.# #<# #.#
#.# #.#
#.### #...#
###.######.
#..@b......
#.SKh$....#
#.h.#####.#
#h.## ...
.... ###..
)..


You could see an adder, 3 jackals, a bat and a kobold.

Vanquished Creatures
  2 dart slugs (D:1)
  4 ball pythons (D:1)
  3 endoplasms (D:1)
  2 goblins (D:1)
  4 hobgoblins (D:1)
  3 jackals (D:1)
  5 kobolds (D:1)
  2 quokkas (D:1)
  A bat (D:1)
  2 frilled lizards (D:1)
  2 rats (D:1)
30 creatures vanquished.

Notes
Turn   | Place    | Note
-------+----------+-------------------------------------------
     0 | D:1      | Htamos the Hill Orc Monk began the quest for the Orb.
     0 | D:1      | Reached XP level 1. HP: 19/19 MP: 1/1
   201 | D:1      | Found a faded altar of an unknown god.
   206 | D:1      | Reached XP level 2. HP: 18/27 MP: 2/2
   345 | D:1      | Reached skill level 1 in Armour
   665 | D:1      | Reached XP level 3. HP: 27/33 MP: 3/3
  1544 | D:2      | HP: 1/33 [adder (1)]
  1545 | D:2      | Slain by a jackal

Illustrated notes

Levels and vault maps discovered:
D:1:      dpeg_arrival_rooms_with_view, layout_loops_cross,
          ebering_ecumenical_altar_box, chequers_serial_rivers_marsh
D:2:      layout_loops_ring, basic_altar, uniq_terence

Skill      XL: |  1  2 |
---------------+-------+-----
Armour         | 1 |  1.6
Fighting       | 4 |  4.2
Axes           | |  4.7
Dodging        | |  2.4
Stealth        | |  1.5

Action                   || total
-------------------------++-------
Melee: Hand axe          ||   117
  Use: Potion            ||     1
 Stab: Sleeping          ||     5
Armor: Robe              ||    22
Dodge: Dodged            ||    90

Table legend: (Time is in decaauts)
 A = Elapsed time spent in this place.
 B = Non-inter-level travel time spent in this place.
 C = Inter-level travel time spent in this place.
 D = Time resting spent in this place.
 E = Time spent auto-exploring this place.
 F = Levels seen in this place.
 G = Mean time per level.
                   A        B        C        D        E       F      G
               +--------+--------+--------+--------+--------+-----+--------+
         Total |   1556 |   1519 |     37 |      0 |   1288 |   2 |  778.0 |
       Dungeon |   1556 |   1519 |     37 |      0 |   1288 |   2 |  778.0 |
               +--------+--------+--------+--------+--------+-----+--------+

Top non-repeatable levels by time:
     D:1: 1533 daAuts
     D:2: 22 daAuts
